 Dungeon Crawl Stone Soup version 0.31-a0-879-g1609e0ac53 (webtiles) character file.

Game seed: 14437913921359524889

126 Warped the Ruffian (level 5, 0/28 HPs)
             Began as a Vine Stalker Fighter on Oct 15, 2023.
             Slain by Crazy Yiuf
             ... wielding a +3 quarterstaff of chaos
              (1 damage)
             ... on level 2 of the Dungeon.
             The game lasted 00:02:33 (1741 turns).

Warped the Ruffian (Vine Stalker Fighter)           Turns: 1741, Time: 00:02:35

Health: 0/28       AC:  8    Str: 20    XL:     5   Next: 10%
Magic:  0/6        EV:  8    Int:  8    God:
Gold:   73         SH:  5    Dex: 14    Spells: 4/4 levels left

rFire   + .          .
                       - Unarmed
rCold   + . .        b - +0 buckler
rNeg    . . .        o - +0 chain mail
rPois   +            (no helmet)
rElec   +            (no cloak)
rCorr   +            (no gloves)
SInv    .            (no boots)
Will    .....        (no amulet) Stlth
                     (no ring)
HPRegen 1.04/turn    (no ring)
MPRegen 0.10/turn

%: guardian spirit
@: resistant
A: fangs 2, regeneration 1, magic shield, antimagic bite, no potion heal 2
a: no special abilities


You were on level 2 of the Dungeon.
You visited 1 branch of the dungeon, and saw 2 of its levels.

You collected 73 gold pieces.

Inventory:

Hand Weapons
 g - a +0 antimagic whip
 i - a +2 dagger of speed
 l - a +0 sling
 n - a +2 dagger of venom
Missiles
 d - 26 stones
 m - 3 poisoned darts (quivered)
 r - a throwing net
Armour
 a - a +0 scale mail
 b - a +0 buckler (worn)
 o - a +0 chain mail (worn)
Jewellery
 f - an amulet of the acrobat
Talismans
 e - a beast talisman
 q - a storm talisman
Scrolls
 j - a scroll of vulnerability {unknown}
 k - 2 scrolls of teleportation {unknown}
 p - a scroll of identify {unknown}
Potions
 c - 2 potions of might
 h - a potion of degeneration {unknown}


   Skills:
 + Level 3.4 Fighting
 + Level 2.6 Armour
 + Level 0.7 Dodging
 + Level 2.9 Shields
 * Level 4.0 Unarmed Combat


You had 4 spell levels left.
You didn't know any spells.
Your spell library was empty.

Dungeon Overview and Level Annotations

Branches:
Dungeon (2/15)

Altars:

Annotations:
D:2 Crazy Yiuf


Innate Abilities, Weirdness & Mutations

You have extremely sharp teeth.
Your natural rate of healing is unusually fast.
When hurt, damage is shared between your health and your magic reserves.
Your bite disrupts and absorbs the magic of your enemies.
Potions cannot restore your health.


Message History

Things that are here:
a +0 short sword; a kobold corpse; a hobgoblin corpse No target in view!
There is a stone staircase leading up here.
You see here a bat skeleton.
Items here: ))) ÷÷÷.
Things that are here:
a +0 flail; a gnoll skeleton Key pressed, stopping explore.
No target in view!
Crazy Yiuf shouts!
Crazy Yiuf cries, "Adder alas canine!"
No reachable target in view!
No reachable target in view!
No reachable target in view!
No reachable target in view!
No reachable target in view!
No reachable target in view!
You open the door. You barely miss Crazy Yiuf. You hit Crazy Yiuf.
Crazy Yiuf is lightly wounded.
You block Crazy Yiuf's attack.
You closely miss Crazy Yiuf.
Crazy Yiuf is lightly wounded.
Crazy Yiuf whimpers, "Blight agre broken!"
Crazy Yiuf hits you with a +3 quarterstaff of chaos!
Crazy Yiuf freezes you.
You hit Crazy Yiuf but do no damage.
Crazy Yiuf is lightly wounded.
Crazy Yiuf hits you with a +3 quarterstaff of chaos!
* * * LOW HITPOINT WARNING * * *
You feel protected.
You barely miss Crazy Yiuf. You bite Crazy Yiuf. You drain his power.
You feel invigorated.
Crazy Yiuf is moderately wounded.
Crazy Yiuf hits you with a +3 quarterstaff of chaos!
* * * LOW HITPOINT WARNING * * *
Crazy Yiuf freezes you.
You die...

#..####.#...#
........#..##
######.....#
##..#..#
#####
##..##..#
#..)#
#...##..#
#...#
####...##..#
...
.......#####
#g# ###....#
♣♣@♣ ##...#
♣.♣♣ #...##
♣♣.♣ #....#
♣.♣♣ ####.##
♣♣.♣♣ #..#
♣.P.♣♣ ##.#
♣...P♣ #.##
##..##
#..####....#


You could see Crazy Yiuf.

Vanquished Creatures
  4 gnolls (D:2)
  2 adders (D:2)
  2 dart slugs (D:2)
  8 endoplasms
  A giant cockroach (D:2)
  9 hobgoblins
  4 jackals (D:2)
  10 ball pythons
  4 bats (D:2)
  7 frilled lizards
  4 goblins
  4 kobolds
  11 rats
70 creatures vanquished.

Notes
Turn   | Place    | Note
-------+----------+-------------------------------------------
     0 | D:1      | Warped the Vine Stalker Fighter began the quest for the
                  | Orb.
     0 | D:1      | Reached XP level 1. HP: 11/11 MP: 2/2
   101 | D:1      | Reached XP level 2. HP: 16/16 MP: 3/3
   546 | D:1      | Reached skill level 3 in Unarmed Combat
   549 | D:1      | Reached XP level 3. HP: 20/20 MP: 4/4
  1207 | D:2      | Reached XP level 4. HP: 24/24 MP: 3/5
  1406 | D:2      | Found a runed translucent door.
  1407 | D:2      | Noticed Crazy Yiuf
  1447 | D:2      | Reached XP level 5. HP: 25/28 MP: 6/6
  1559 | D:2      | Reached skill level 4 in Unarmed Combat
  1741 | D:2      | HP: 1/28 [Crazy Yiuf/+3 quarterstaff of chaos (8)]
  1741 | D:2      | Slain by Crazy Yiuf

Illustrated notes

Levels and vault maps discovered:
D:1:      evilmike_arrival_fibonacci_small, layout_loops_corners,
          minmay_rat_gold_closets
D:2:      layout_rooms, grunt_ministairs_2, roderic_lattice_a,
          kennysheep_generic_room_11, uniq_crazy_yiuf_cottage

Skill      XL: |  1  2  3  4  5 |
---------------+----------------+-----
Fighting       | 3 |  3.4
Unarmed Combat | 3 4 |  4.0
Armour         | |  2.6
Dodging        | |  0.7
Shields        | |  2.9

Action                     |  1- 3 |  4- 6 || total
---------------------------+-------+-------++-------
  Melee: Unarmed           |   117 |    76 ||   193
         Bite              |    17 |    20 ||    37
 Armour: Scale mail        |    44 |       ||    44
         Chain mail        |     8 |    45 ||    53
  Dodge: Dodged            |    37 |    13 ||    50
  Block: Buckler           |    18 |    18 ||    36

Table legend: (Time is in decaauts)
 A = Elapsed time spent in this place.
 B = Non-inter-level travel time spent in this place.
 C = Inter-level travel time spent in this place.
 D = Time resting spent in this place.
 E = Time spent auto-exploring this place.
 F = Levels seen in this place.
 G = Mean time per level.
                   A        B        C        D        E       F      G
               +--------+--------+--------+--------+--------+-----+--------+
         Total |   1735 |   1718 |     17 |      0 |   1274 |   2 |  867.5 |
       Dungeon |   1735 |   1718 |     17 |      0 |   1274 |   2 |  867.5 |
               +--------+--------+--------+--------+--------+-----+--------+

Top non-repeatable levels by time:
     D:1: 899 daAuts
     D:2: 836 daAuts
